 Dungeon Crawl Stone Soup version 0.27-a0-1189-gb8eb6cee8e (webtiles) character file.

Game seed: 835585292935897488

460 roflturtle the Slasher (level 6, 0/54 (56) HPs)
             Began as a Minotaur Fighter on May 22, 2021.
             Succumbed to Crazy Yiuf's poison
             ... on level 3 of the Dungeon.
             The game lasted 00:09:14 (3318 turns).

roflturtle the Slasher (Minotaur Fighter)           Turns: 3318, Time: 00:09:15

HP:   0/54 (56)     AC:  7    Str: 23    XL:     6   Next: 78%
MP:   5/5           EV:  8    Int:  3    God:
Gold: 104           SH: 15    Dex: 11    Spells: 5/5 levels left

rFire    . . .     SeeInvis .   n - +1 scimitar (holy)
rCold    . . .     Faith    .   c - +0 kite shield
rNeg     . . .     Spirit   .   b - +0 scale mail
rPois    .         Reflect  +   (helmet restricted)
rElec    .         Harm     .   (no cloak)
rCorr    .         Rampage  .   (no gloves)
Will     .....                  (no boots)
Stlth    ..........             m - amulet of reflection
HPRegen  0.18/turn              (no ring)
MPRegen  0.09/turn              (no ring)

@: lethally poisoned (0 -> -3), lightly drained
A: horns 2, retaliatory headbutt, talons 1, dopey 1, strong 1
a: no special abilities


You were on level 3 of the Dungeon.
You visited 1 branch of the dungeon, and saw 3 of its levels.

You collected 104 gold pieces.

Inventory:

Hand Weapons
 h - a +0 short sword of venom
 n - a +1 scimitar of holy wrath (weapon)
Armour
 b - a +0 scale mail (worn)
 c - a +0 kite shield (worn)
Jewellery
 m - an amulet of reflection (around neck)
Wands
 k - a wand of flame (3)
Scrolls
 f - 3 scrolls of identify {unknown}
 g - a scroll of teleportation {unknown}
 i - a scroll of noise {unknown}
Potions
 d - 2 potions of might
 j - a potion of curing {unknown}
 l - a potion of brilliance {unknown}


   Skills:
 - Level 5.1 Fighting
 + Level 5.8 Long Blades
 - Level 5.0 Armour
 - Level 2.1 Dodging
 - Level 5.0 Shields


You had 5 spell levels left.
You didn't know any spells.
Your spell library contained the following spells:

 Spells                   Type           Power      Damage    Failure   Level
 Magic Dart               Conj           0%         1d3       99%         1
 Blink                    Tloc           N/A        N/A       100%        2
 Call Imp                 Summ           0%         N/A       100%        2
 Slow                     Hex            0%         N/A       100%        2
 Conjure Flame            Conj/Fire      0%         6-21      100%        3
 Mephitic Cloud           Conj/Pois/Air  0%         N/A       100%        3


Dungeon Overview and Level Annotations

Branches:
Dungeon (3/15)

Altars:
Dithmenos
Qazlal

Annotations:
D:3 Crazy Yiuf


Innate Abilities, Weirdness & Mutations

You have a pair of horns on your head.
You reflexively headbutt those who attack you in melee.
You have sharp toenails.
You are dopey. (Int -2)
Your muscles are strong. (Str +2)


Message History

You hit Crazy Yiuf.
Crazy Yiuf is moderately wounded.
Crazy Yiuf hits you with a +2 quarterstaff of chaos.
Crazy Yiuf burns you. You block Crazy Yiuf's attack.
Your shield and scale mail prevent you from hitting Crazy Yiuf.
Your headbutt misses Crazy Yiuf.
Crazy Yiuf is moderately wounded.
Crazy Yiuf hits you with a +2 quarterstaff of chaos!
You are poisoned.
Your shield and scale mail prevent you from hitting Crazy Yiuf.
You headbutt Crazy Yiuf, but do no damage.
Crazy Yiuf is moderately wounded.
You feel very sick.
Crazy Yiuf whimpers, "Adder down noodlescoop!"
Crazy Yiuf barely misses you.
Your scale mail prevents you from hitting Crazy Yiuf.
Crazy Yiuf is moderately wounded.
You feel very sick. You block Crazy Yiuf's attack.
Crazy Yiuf hits you with a +2 quarterstaff of chaos.
You hit Crazy Yiuf.
Crazy Yiuf is heavily wounded.
You feel very sick.
Crazy Yiuf says, "Crazy?
Crazy!?
PORCUPINE!"
You block Crazy Yiuf's attack.
You completely miss Crazy Yiuf. Your headbutt misses Crazy Yiuf.
Crazy Yiuf is heavily wounded.
You feel sick.
Crazy Yiuf says, "Fire arga illywillydillykilly!"
You block Crazy Yiuf's attack.
You hit Crazy Yiuf.
Crazy Yiuf is severely wounded.
You feel sick. You block Crazy Yiuf's attack.
Crazy Yiuf hits you with a +2 quarterstaff of chaos!
* * * LOW HITPOINT WARNING * * *
You feel drained.
* * * LOW HITPOINT WARNING * * *
It was a potion of mutation.
You feel extremely strange.
Your toenails lengthen and sharpen.
You feel stronger.
You feel stupid.
You die...

##############....####.........#
#....# #..######.# ♣....♣
#..#§≈≈≈#.# ♣...♣♣ #..'≈>_≈#.#
♣♣.♣♣ #..'≈⌠.≈#.## ♣.♣♣
#..#≈≈≈≈#... ♣♣.♣ #..######..#
♣.♣♣ #.........## ♣♣@♣
#.#...[#### #g# ###....# ...
##...# ## #...# ####...# #.
#..)# #......# #. #####
####...####. #)#>...'.
#####.######. #.....# #.


You could see Crazy Yiuf.

Vanquished Creatures
  An ogre (D:3)
  4 orc priests (D:3)
  Terence (D:3)
  Jessica (D:2)
  Ijyb (D:3)
  An orc wizard (D:3)
  A hound skeleton (D:2)
  5 adders
  A worm (D:2)
  2 dart slugs (D:1)
  4 orcs
  10 ball pythons
  7 bats
  12 endoplasms
  2 giant cockroaches
  7 hobgoblins
  10 jackals
  3 quokkas
  2 frilled lizards
  5 goblins
  6 kobolds
  2 rats (D:2)
88 creatures vanquished.

Notes
Turn   | Place    | Note
-------+----------+-------------------------------------------
     0 | D:1      | roflturtle the Minotaur Fighter began the quest for the
                  | Orb.
     0 | D:1      | Reached XP level 1. HP: 19/19 MP: 0/0
   189 | D:1      | Reached XP level 2. HP: 13/27 MP: 1/1
   889 | D:1      | Reached XP level 3. HP: 33/33 MP: 2/2
  1478 | D:2      | Noticed Jessica
  1483 | D:2      | Killed Jessica
  1484 | D:2      | Reached XP level 4. HP: 41/41 MP: 3/3
  1585 | D:2      | Found a faded altar of an unknown god.
  1599 | D:2      | Reached skill level 5 in Fighting
  2063 | D:3      | Noticed Terence
  2079 | D:3      | Killed Terence
  2080 | D:3      | Reached XP level 5. HP: 29/48 MP: 4/4
  2216 | D:3      | Reached skill level 5 in Armour
  2227 | D:3      | Found a stormy altar of Qazlal.
  2250 | D:3      | Reached skill level 5 in Shields
  2395 | D:3      | Found a shadowy altar of Dithmenos.
  2405 | D:3      | Reached skill level 1 in Dodging
  2414 | D:3      | Reached XP level 6. HP: 20/56 MP: 5/5
  2729 | D:3      | Noticed Ijyb
  2753 | D:3      | Killed Ijyb
  2983 | D:3      | Reached skill level 5 in Long Blades
  3306 | D:3      | Found a runed translucent door.
  3307 | D:3      | Noticed Crazy Yiuf
  3317 | D:3      | HP: 1/54 [Crazy Yiuf/+2 quarterstaff of chaos (5)]
  3318 | D:3      | Gained mutation: You have sharp toenails. [potion of
                  | mutation]
  3318 | D:3      | Gained mutation: Your muscles are strong. (Str +2) [potion
                  | of mutation]
  3318 | D:3      | Gained mutation: You are dopey. (Int -2) [potion of
                  | mutation]
  3318 | D:3      | Succumbed to Crazy Yiuf's poison

Illustrated notes

Levels and vault maps discovered:
D:1:      dpeg_arrival_rooms_a, layout_loops_ring
D:2:      layout_rooms, hellmonk_ecumenical_altar_blasted,
          grunt_decor_mini_mirrors, kennysheep_generic_room_2, uniq_jessica
D:3:      minmay_spotlight, layout_basic, general_overflow_altar,
          grunt_dithmenos_smoke, minmay_crystal_room, uniq_terence,
          uniq_crazy_yiuf_cottage, uniq_ijyb

Skill      XL: |  1  2  3  4  5  6 |
---------------+-------------------+-----
Long Blades    | 3 4 5 |  5.8
Fighting       | 4 5 |  5.1
Shields        | 4 5 |  5.0
Armour         | 4 5 |  5.0
Dodging        | 2 |  2.1

Action                   |  1- 3 |  4- 6 || total
-------------------------+-------+-------++-------
Melee: Long sword        |    83 |   107 ||   190
       Headbutt          |    18 |    21 ||    39
       Scimitar          |       |    29 ||    29
  Use: Potion            |       |     1 ||     1
Armor: Scale mail        |    37 |    53 ||    90
Dodge: Dodged            |    22 |    44 ||    66
Block: Kite shield       |    47 |    88 ||   135
       Reflection        |       |     1 ||     1
       Rpst.: Long sword |     9 |    13 ||    22
       Scimitar          |       |     1 ||     1

Table legend: (Time is in decaauts)
 A = Elapsed time spent in this place.
 B = Non-inter-level travel time spent in this place.
 C = Inter-level travel time spent in this place.
 D = Time resting spent in this place.
 E = Time spent auto-exploring this place.
 F = Levels seen in this place.
 G = Mean time per level.
                   A        B        C        D        E       F      G
               +--------+--------+--------+--------+--------+-----+--------+
         Total |   3408 |   3338 |     70 |    342 |   2263 |   3 | 1136.0 |
       Dungeon |   3408 |   3338 |     70 |    342 |   2263 |   3 | 1136.0 |
               +--------+--------+--------+--------+--------+-----+--------+

Top non-repeatable levels by time:
     D:3: 1480 daAuts
     D:1: 1123 daAuts
     D:2: 804 daAuts
